Selects Airborne Battlegroup
Selects Heavy Machine Gun Paradrop
Selects Smoke Bombing Run
Heavy Machine Gun Paradrop
Construct Weapon Support Center
Heavy Machine Gun Paradrop
Heavy Machine Gun Paradrop
Improved M9 Bazooka Rockets
Mechanized Support Center
Selects Paratrooper Squad Paradrop
Heavy Machine Gun Paradrop
Mechanized Support Center
Heavy Machine Gun Paradrop
Selects Anti-tank Gun Team Paradrop
Anti-tank Gun Team Paradrop
M4(105) Sherman Bulldozer
Anti-tank Gun Team Paradrop
M18 Hellcat Tank Destroyer